 Dungeon Crawl Stone Soup version 0.29-a0-643-ga013cefcf8 (webtiles) character file.

Game seed: 8948438893010277332

187440 Pooter the Severer (level 17, -9/159 HPs)
             Began as a Minotaur Berserker on June 17, 2022.
             Was an Elder of Trog.
             Killed from afar by a spriggan air mage (34 damage)
             ... with a bolt of lightning
             ... on level 2 of the Depths on June 19, 2022.
             The game lasted 04:10:18 (43597 turns).

Pooter the Severer (Minotaur Berserker)            Turns: 43597, Time: 04:10:19

Health: -9/159     AC: 27    Str: 39    XL:     17   Next: 88%
Magic:  16/16      EV: 12    Int:  6    God:    Trog [****..]
Gold:   1755       SH:  5    Dex: 16    Spells: 16/16 levels left

rFire   + . .      SeeInvis .   a - +1 broad axe (venom)
rCold   . . .      Faith    .   (no shield)
rNeg    . . .      Spirit   .   R - +6 plate armour
rPois   .          Reflect  +   (helmet restricted)
rElec   .          Harm     .   J - scarf {repulsion}
rCorr   .          Rampage  .   U - +2 pair of gloves {Stlth+}
Will    +....                   g - +0 pair of boots
Stlth   ..........              G - amulet "Ikegad" {Reflect rF+ Str+7 Dex+4 SH+5}
HPRegen 0.36/turn               M - ring of flight
MPRegen 0.15/turn               I - +6 ring of strength

@: on berserk cooldown, flying, slowed, repel missiles, very slow
A: horns 2, retaliatory headbutt
a: Renounce Religion, Berserk, Trog's Hand, Brothers in Arms


You were on level 2 of the Depths.
You worshipped Trog.
Trog was greatly pleased with you.
You visited 7 branches of the dungeon, and saw 30 of its levels.
You also visited: Volcano.

You collected 4039 gold pieces.
You spent 2284 gold pieces at shops.

Inventory:

Hand Weapons
 a - a +1 broad axe of venom (weapon)
   (You took it off Asterion on level 1 of the Elven Halls)
 b - a +3 arbalest of flaming
   (You bought it in a shop on level 2 of the Elven Halls)
 e - a +0 eveningstar of flaming
   (You took it off Louise on level 3 of the Elven Halls)
 z - a +6 vorpal demon trident
   (You found it on level 6 of the Dungeon)
 A - the +1 war axe "Wuewucw" {speed, rPois Will+ Str-5}
   (You bought it in a shop on level 3 of the Dungeon)

   Attacks with this weapon are significantly faster.
   Str:       It affects your strength (-5).
   rPois:     It protects you from poison.
   Will:      It increases your willpower.
Missiles
 h - 3 atropa-tipped darts
 k - 9 curare-tipped darts
 L - 56 poisoned darts
 W - 17 boomerangs (quivered)
Armour
 g - a +0 pair of boots (worn)
   (You found it on level 2 of the Dungeon)
 y - the +1 plate armour of the Salamander {Fly}
   (You found it on level 12 of the Dungeon)

   Fly:       It grants you flight.
 J - a scarf of repulsion (worn)
   (You bought it in a shop on level 2 of the Orcish Mines)
 R - a +6 plate armour (worn)
   (You found it on level 8 of the Dungeon)
 U - a +2 pair of gloves of stealth (worn)
   (You found it on level 1 of the Lair of Beasts)
 Z - +4 storm dragon scales {Bai Suzhen}
   (You found it on level 3 of the Elven Halls)
Jewellery
 c - an amulet of regeneration
   (You found it on level 7 of the Dungeon)
 o - the ring "Zyicamme" {rN+ Str+2 Int+6}
   (You found it on level 5 of the Dungeon)

   [ring of intelligence]

   Str:       It affects your strength (+2).
   Int:       It affects your intelligence (+6).
   rN:        It protects you from negative energy.
 u - an amulet of the acrobat
   (You found it on level 5 of the Lair of Beasts)
 B - a +6 ring of intelligence
   (You found it on level 7 of the Dungeon)
 C - a ring of resist corrosion
   (You bought it in a shop on level 3 of the Dungeon)
 F - a ring of protection from fire
   (You bought it in a shop on level 1 of the Depths)
 G - the amulet "Ikegad" (around neck) {Reflect rF+ Str+7 Dex+4 SH+5}
   (You found it on level 5 of the Dungeon)

   [amulet of reflection]

   It reflects blocked missile attacks.
   Str:       It affects your strength (+7).
   Dex:       It affects your dexterity (+4).
   rF:        It protects you from fire.
   SH:        It affects your SH (+5).
 I - a +6 ring of strength (right hand)
   (You found it on level 5 of the Dungeon)
 M - a ring of flight (left hand)
   (You bought it in a shop on level 3 of the Dungeon)
 N - a ring of positive energy
   (You found it on level 13 of the Dungeon)
 P - a ring of poison resistance
   (You found it on level 7 of the Dungeon)
 S - a +4 ring of protection
   (You found it on level 5 of the Lair of Beasts)
 T - a +6 ring of dexterity
   (You found it on level 6 of the Dungeon)
 Y - a ring of willpower
   (You found it on level 1 of the Lair of Beasts)
Wands
 d - a wand of iceblast (2)
   (You found it on level 7 of the Dungeon)
 f - a wand of flame (32)
   (You took it off Ijyb on level 4 of the Dungeon)
 q - a wand of mindburst (9)
   (You found it on level 6 of the Lair of Beasts)
 D - a wand of digging (4)
   (You found it on level 1 of the Lair of Beasts)
 Q - a wand of charming (2)
   (You bought it in a shop on level 3 of the Dungeon)
Scrolls
 i - 7 scrolls of identify {@r1}
 l - a scroll of silence
 m - 3 scrolls of poison {!r}
 t - 7 scrolls of teleportation {@r4}
 H - a scroll of fog
 K - a scroll of magic mapping
 V - a scroll of immolation {!r}
 X - a scroll of fear
Potions
 j - 2 potions of mutation {!q}
 n - 5 potions of lignification {!q}
 p - 5 potions of might
 r - a potion of ambrosia
 v - 3 potions of flight
 w - 5 potions of curing {@q1}
 E - 3 potions of attraction {!q}
Miscellaneous
 x - a box of beasts
   (You found it on level 2 of the Lair of Beasts)


   Skills:
 + Level 16.5 Fighting
 - Level 17.1(18.6) Axes
 + Level 6.2(12.7) Maces & Flails
 - Level 10.9(15.3) Polearms
 - Level 16.4 Crossbows
 + Level 9.0 Throwing
 - Level 13.0 Armour
 + Level 6.6 Dodging
 + Level 5.0 Stealth
 - Level 4.8 Shields
 - Level 11.0 Evocations


You had 16 spell levels left.
You didn't know any spells.
Your spell library was empty.

Dungeon Overview and Level Annotations

Branches:
Dungeon (15/15)            Temple (0/1) D:5            Lair (6/6) D:8
 Shoals (1/4) Lair:4       Spider (1/4) Lair:4        Slime (0/5) Lair:5
    Orc (2/2) D:11            Elf (3/3) Orc:2        Vaults (0/5) D:14
 Depths (1/4) D:15        Volcano (visited)

Altars:
Ashenzari
Dithmenos
Fedhas
Gozag
Hepliaklqana
Kikubaaqudgha
Makhleb
Nemelex Xobeh
Okawaru
Qazlal
Sif Muna
Wu Jian
Yredelemnul
Jiyva

Shops:
D:3 =:*(   D:9 :   D:11 (   Orc:2 [[*(   Elf:2 (   Elf:3 :   Depths:1 ::=

Portals:
Hell: Lair:6 Depths:1
Abyss: Orc:2
Trove: Elf:2 (give +6 demon blade)

Annotations:
Elf:2 3 runed translucent doors


Innate Abilities, Weirdness & Mutations

You have a pair of horns on your head.
You reflexively headbutt those who attack you in melee.


Message History

The iron dragon tramples you but does no damage.
You hit the iron dragon but do no damage.
You hit the iron dragon. Your headbutt misses the iron dragon.
You closely miss the iron dragon.
The iron dragon bites you but does no damage.
The iron dragon claws you!
* * * LOW HITPOINT WARNING * * *
The iron dragon misses you.
You slash the iron dragon! You headbutt the iron dragon.
You hit the iron dragon. You hit the iron dragon.
The iron dragon is poisoned.
You headbutt the iron dragon! The iron dragon barely misses you.
The iron dragon claws you but does no damage.
The iron dragon completely misses you.
You hit the iron dragon.
You headbutt the iron dragon, but do no damage.
You slash the iron dragon!
The iron dragon breathes metal splinters at you.
The spray of metal splinters hits you.
* * * LOW HITPOINT WARNING * * *
You slice the iron dragon!! You slice the iron dragon!!
You kill the iron dragon!
Trog accepts your kill.
You feel a strong urge to attack something.
Your skin stops crawling.
You feel less strong-willed.
You are no longer berserk.
You are exhausted.
You feel yourself slow down.
The spriggan air mage shouts!
You hear a horrible gurgling sound! x2
The spriggan air mage waves its arms in wide circles.
The air twists around and strikes you!
* * * LOW HITPOINT WARNING * * *
The spriggan air mage barely misses you.
You slash the spriggan air mage! The spriggan air mage misses you.
You completely miss the spriggan air mage.
Your headbutt misses the spriggan air mage.
The spriggan air mage hits you but does no damage.
You miss the spriggan air mage.
Your headbutt misses the spriggan air mage.
The spriggan air mage waves its arms in wide circles.
The air twists around and strikes you!
* * * LOW HITPOINT WARNING * * *
You hit the spriggan air mage.
The spriggan air mage is poisoned.
The spriggan air mage hits you but does no damage.
You slice the spriggan air mage!!
The spriggan air mage looks as sick as possible!
The spriggan air mage casts a spell at you.
The bolt of lightning hits you!!
You die...

...#.C§§§§### #.....##***
......§§....# #....).+,,,
,,,#.......## ########.....)##**
,,*##..#D#######.##..##..........
,,,*#u.i..###.#......#.##..§§....
,.uuu..............§(........≈...
,.uu####.................########
.u..,**........i........8#*******
..u,,*,....##..#@........+,,,,,,*
..,,,,,###..#...........8#*****,*
,,,,,,,,*#...............#*,,,,,*
,,,,*,,**..............§.#*,*****
**,,,,<,*#...........§§§.#*,,,,,,
**,,,,**#...........§§..#*******
*,,,,**#...........§§..********
**,,≈,,,..≈............,**,,,,,*
**,<,≈,,,,,,≈,,,,,,,,,,,,**,,,,,*


You could see a spriggan air mage (repels missiles, extremely poisoned).

Vanquished Creatures
  Bai Suzhen (Elf:3)
  Asterion (Elf:1)
  A deep elf blademaster (Elf:1)
  A sphinx (Depths:1)
  An eldritch tentacle (Depths:1)
  2 fire giants
  Louise (Elf:3)
  An iron dragon (Depths:2)
  An orc warlord (Orc:2)
  2 frost giants
  7 very ugly things
  4 stone giants
  A deep elf demonologist (Elf:1)
  The ghost of Zonian the Unseen, a journeyman SpAK of Lugonu (Orc:2)
  An entropy weaver (Lair:4)
  A dire elephant (Lair:6)
  A spark wasp (Lair:4)
  A deep elf annihilator (Elf:3)
  Snorg (D:10)
  A crystal guardian (Orc:2)
  An ettin (Depths:1)
  A great orb of eyes (Orc:2)
  A deep elf high priest (Elf:3)
  A fire dragon (Depths:1)
  Erolcha (Orc:1)
  2 ogre magi
  2 rakshasas
  An ice dragon (Depths:1)
  12 hydras
  A boulder beetle (Lair:4)
  The ghost of Zdeegee the Covert, a journeyman DsBr of Dithmenos (D:10)
  A catoblepas (Lair:6)
  Erica (Orc:1)
  17 dancing weapons
  A jorogumo (Lair:4)
  7 two-headed ogres
  3 tengu warriors
  2 centaur warriors
  5 death yaks
  2 deep troll shamans (Depths:1)
  3 orc high priests
  4 deep troll earth magi (Depths:1)
  Urug (Orc:1)
  3 shock serpents (Depths:1)
  11 deep elf knights
  Sonja (Orc:1)
  An iron troll (Depths:1)
  A sixfirhy (Lair:6)
  A sea snake (Shoals:1)
  A glowing orange brain (Depths:1)
  5 deep trolls (Depths:1)
  An orb spider (Lair:4)
  A lindwurm (Lair:6)
  15 deep elf archers
  4 wizards
  A wolf spider zombie (D:15)
  25 deep elf pyromancers
  A wolf spider (Spider:1)
  Pikel (D:4)
  27 deep elf zephyrmancers
  6 orc sorcerers
  3 manticores
  A necromancer (D:15)
  9 ugly things
  20 elephants
  6 orc knights
  15 slime creatures
  2 worldbinders (Depths:1)
  3 cyclopes
  A guardian serpent (shapeshifter) (Elf:1)
  A centaur zombie (D:15)
  4 naga magi
  An orange demon (Lair:6)
  9 black mambas
  A smoke demon (Lair:6)
  3 centaur skeletons (D:15)
  3 gargoyles
  An unseen horror (D:12)
  18 cane toads
  A cane toad (shapeshifter) (D:14)
  4 kobold demonologists
  A demonic crawler (Lair:4)
  3 yaktaurs (D:14)
  A rime drake (shapeshifter) (Elf:3)
  An efreet (Volcano)
  14 komodo dragons
  8 rime drakes
  2 tengu conjurers
  3 ice devils (Lair:6)
  A red devil (Lair:6)
  A polar bear (Lair:6)
  A troll (shapeshifter) (D:14)
  4 trolls
  3 tarantellas
  5 dream sheep (Lair:4)
  A raiju (Depths:1)
  14 blink frogs
  2 shadows
  4 jumping spiders
  5 air elementals
  3 culicivoras (Lair:4)
  A wraith (D:10)
  2 vampires
  41 yaks
  8 fire elementals
  11 water elementals
  10 wyverns
  5 basilisks
  A golden eye (shapeshifter) (Elf:3)
  2 steam dragons (D:10)
  9 vampire mosquitoes
  7 redbacks
  3 wargs (Orc:2)
  Edmund (D:4)
  4 acid dragons
  2 spatial vortices (Depths:1)
  14 water moccasins
  5 hell hounds (Lair:6)
  16 orc warriors
  A sky beast (D:8)
  2 ice beasts
  2 boggarts (Depths:1)
  12 ogres
  13 wolves
  8 centaurs
  2 lemures (D:4)
  3 kobold brigands (D:6)
  Blork the orc (D:6)
  A necrophage (D:5)
  14 bullfrogs
  2 earth elementals
  A scorpion (Lair:2)
  22 wights
  11 killer bees
  3 howler monkeys (D:7)
  7 hounds
  3 jellies
  14 orc priests
  Ijyb (D:4)
  5 iguanas
  19 orc wizards
  4 lightning spires (Depths:1)
  6 adders
  9 gnolls
  An ufetubus (D:5)
  2 worms (D:3)
  2 dart slugs
  57 orcs
  18 endoplasms
  A giant cockroach (D:2)
  10 goblins
  7 hobgoblins
  7 jackals (D:1)
  5 quokkas
  7 ball pythons
  A bat (D:3)
  A frilled lizard (D:3)
  15 kobolds
  5 rats
838 creatures vanquished.

Vanquished Creatures (collateral kills)
  2 deep elf blademasters (Elf:1)
  A hydra (D:10)
  2 orc high priests (Orc:2)
  An orc knight (Orc:2)
  2 ugly things
  An elephant (Lair:5)
  A raiju (Orc:2)
  A shadow (D:10)
  2 orc warriors
  2 orc priests
  3 orc wizards
  3 orcs
21 creatures vanquished.

Vanquished Creatures (others)
  A stone giant (Depths:1)
  A deep elf knight (Elf:3)
  A deep elf pyromancer (Elf:3)
  3 ugly things (Depths:1)
  A komodo dragon (Lair:5)
  An orc priest (Orc:2)
  An orc wizard (D:6)
  An orc (Orc:2)
  A ball lightning (Depths:1)
  A bush (Lair:2)
  53 fungi
  66 plants
  15 toadstools (D:6)
146 creatures vanquished.

Grand Total: 1005 creatures vanquished

Notes
Turn   | Place    | Note
-------+----------+-------------------------------------------
     0 | D:1      | Pooter the Minotaur Berserker began the quest for the Orb.
     0 | D:1      | Reached XP level 1. HP: 19/19 MP: 0/0
   255 | D:1      | Reached skill level 4 in Axes
   342 | D:1      | Found a faded altar of an unknown god.
   347 | D:1      | Reached XP level 2. HP: 27/27 MP: 1/1
  1057 | D:1      | Reached XP level 3. HP: 33/33 MP: 2/2
  1314 | D:2      | Reached ** piety under Trog
  1438 | D:2      | Reached skill level 5 in Axes
  1994 | D:2      | Reached XP level 4. HP: 41/41 MP: 3/3
  2150 | D:3      | Found Giemig's Antique Weapon Boutique.
  2175 | D:3      | Identified the +4 leather armour of Okawaru's Supremacy
                  | {Str+3}
  2340 | D:3      | Found Asyluo's Book Shop.
  2489 | D:3      | Reached skill level 6 in Axes
  2493 | D:3      | Reached XP level 5. HP: 34/47 MP: 4/4
  2499 | D:3      | Reached skill level 5 in Fighting
  2594 | D:3      | Found Keph's Assorted Antiques.
  2751 | D:3      | Found Foivocu's Jewellery Shop.
  3126 | D:4      | Reached skill level 7 in Axes
  3142 | D:4      | Reached XP level 6. HP: 50/56 MP: 5/5
  3224 | D:4      | Noticed Edmund
  3232 | D:4      | Killed Edmund
  3429 | D:3      | Bought a warped war axe for 153 gold pieces
  3429 | D:3      | Identified the +1 war axe "Wuewucw" {speed, rPois Will+
                  | Str-5} (You bought it in a shop on level 3 of the Dungeon)
  3509 | D:4      | Noticed Ijyb
  3520 | D:4      | Killed Ijyb
  3557 | D:4      | Reached skill level 8 in Axes
  3558 | D:4      | Found a basalt altar of Yredelemnul.
  3572 | D:4      | Found a stormy altar of Qazlal.
  3678 | D:4      | Found a broken altar of Ashenzari.
  3682 | D:4      | Saw a vision of the Shoals and the Spider Nest.
  3682 | D:4      | Noticed a wind drake
  3682 | D:4      | Noticed a merfolk siren
  3682 | D:4      | Noticed a wind drake
  3682 | D:4      | Noticed a merfolk
  3682 | D:4      | Noticed a redback
  3682 | D:4      | Noticed a redback
  3682 | D:4      | Noticed a wolf spider
  3682 | D:4      | Noticed a wolf spider
  3682 | D:4      | Noticed a wolf spider
  3682 | D:4      | Noticed a redback
  3682 | D:4      | Noticed a wolf spider
  3682 | D:4      | Noticed a wolf spider
  3683 | D:4      | Noticed a merfolk
  3683 | D:4      | Noticed a merfolk
  3684 | D:4      | Noticed a redback
  3718 | D:4      | Reached XP level 7. HP: 59/63 MP: 6/6
  3827 | D:4      | Found an iron altar of Okawaru.
  3828 | D:4      | Found a sparkling altar of Nemelex Xobeh.
  3828 | D:4      | Noticed Pikel
  3829 | D:4      | Found an ancient bone altar of Kikubaaqudgha.
  3829 | D:4      | Found an ornate altar of the Wu Jian Council.
  3839 | D:4      | Killed Pikel
  3840 | D:4      | Reached skill level 9 in Axes
  4151 | D:5      | Entered Level 5 of the Dungeon
  4159 | D:5      | Reached XP level 8. HP: 73/73 MP: 7/7
  4330 | D:5      | Identified the ring "Zyicamme" {rN+ Str+2 Int+6}
  4425 | D:5      | Identified the amulet "Ikegad" {Reflect rF+ Str+7 Dex+4
                  | SH+5}
  4456 | D:5      | Found a staircase to the Ecumenical Temple.
  4503 | D:5      | Reached skill level 1 in Shields
  4714 | D:3      | Bought a scroll labelled CINEAME HIKLO for 28 gold pieces
  4885 | D:5      | Reached skill level 10 in Axes
  5134 | D:6      | Identified the +1 falchion "Tymemid" {speed, *Noise rElec
                  | Int+2}
  5268 | D:3      | Bought a scroll labelled HOFRUQ ETUEFU for 28 gold pieces
  5376 | D:6      | Noticed Blork the orc
  5385 | D:6      | Killed Blork the orc
  5492 | D:6      | Reached skill level 1 in Throwing
  5649 | D:6      | Reached *** piety under Trog
  5652 | D:6      | Noticed a slime creature
  5652 | D:6      | Noticed a slime creature
  5664 | D:6      | Killed a large slime creature
  5665 | D:6      | Reached XP level 9. HP: 81/81 MP: 8/8
  5908 | D:6      | Reached skill level 11 in Axes
  5913 | D:6      | Found a shimmering blue altar of Sif Muna.
  6436 | D:7      | Found an opulent altar of Gozag.
  6597 | D:3      | Bought a scroll of identify for 56 gold pieces
  6597 | D:3      | Bought a scroll labelled YDUARU YCVUO for 28 gold pieces
  7280 | D:7      | Found a shadowy altar of Dithmenos.
  7282 | D:7      | Found a hazy altar of Hepliaklqana.
  7473 | D:3      | Bought a long bronze wand for 112 gold pieces
  7818 | D:8      | Reached skill level 1 in Crossbows
  7824 | D:8      | Reached skill level 12 in Axes
  7908 | D:8      | Found a staircase to the Lair.
  8142 | D:8      | Identified the +1 ring mail "Gyfus" {Dex+6}
  8437 | D:9      | Noticed a two-headed ogre
  8741 | D:9      | Reached XP level 10. HP: 81/89 MP: 9/9
  8773 | D:9      | Killed a two-headed ogre
  8774 | D:9      | Reached skill level 1 in Polearms
  9024 | D:9      | Reached skill level 5 in Evocations
  9448 | D:9      | Identified a scroll of acquirement
  9448 | D:9      | Acquired 721 gold pieces
  9624 | D:3      | Bought a ring of resist corrosion for 280 gold pieces
  9624 | D:3      | Bought a ring of flight for 245 gold pieces
  9827 | D:9      | You fall into a shaft and drop 1 floor!
  9827 | D:10     | Entered Level 10 of the Dungeon
  9876 | D:10     | Noticed a gargoyle
  9883 | D:10     | Killed a gargoyle
 10161 | D:9      | Found Batipn's Book Boutique.
 10427 | D:10     | Found a runed translucent gate.
 10429 | D:10     | Found a runed translucent gate.
 10436 | D:10     | Found a runed translucent gate.
 10436 | D:10     | Noticed Zdeegee's ghost (journeyman DsBr)
 10437 | D:10     | Noticed a four-headed hydra
 10437 | D:10     | Noticed an eight-headed hydra
 10438 | D:10     | Noticed a cyclops
 10817 | D:10     | Noticed a white ugly thing
 10818 | D:10     | Noticed Snorg
 10819 | D:10     | Noticed a manticore
 10822 | D:10     | Reached skill level 5 in Crossbows
 10823 | D:10     | Killed a white ugly thing
 10824 | D:10     | Reached skill level 5 in Polearms
 10831 | D:10     | Killed Snorg
 10831 | D:10     | Killed a manticore
 10832 | D:10     | Reached XP level 11. HP: 99/99 MP: 10/10
 10863 | D:10     | Found an opulent altar of Gozag.
 11085 | D:3      | Bought a scroll of enchant weapon for 210 gold pieces
 11411 | Lair:1   | Entered Level 1 of the Lair of Beasts
 11417 | Lair:1   | Reached skill level 5 in Armour
 11419 | Lair:1   | Reached skill level 10 in Fighting
 11419 | Lair:1   | Upgraded the game from 0.29-a0-613-gf2c431b9b9 to
                  | 0.29-a0-617-g7a6b98fccd
 11576 | Lair:1   | Reached skill level 13 in Axes
 11679 | Lair:1   | Reached **** piety under Trog
 12844 | Lair:2   | You fall into a shaft and drop 2 floors!
 12899 | Lair:2   | Reached XP level 12. HP: 105/108 MP: 11/11
 13352 | Lair:2   | Noticed a four-headed hydra
 13363 | Lair:2   | Killed a four-headed hydra
 13714 | Lair:2   | Noticed a six-headed hydra
 13721 | Lair:2   | Killed a six-headed hydra
 14790 | Lair:3   | Identified the +1 robe of the Orb {rElec SInv}
 15270 | Lair:4   | Noticed a five-headed hydra
 15277 | Lair:4   | Killed a five-headed hydra
 15421 | Lair:4   | Reached skill level 10 in Polearms
 15512 | Lair:4   | Noticed a death yak
 15513 | Lair:4   | Noticed a death yak
 15513 | Lair:4   | Noticed a death yak
 15551 | Lair:4   | Killed a death yak
 15786 | Lair:4   | Found a staircase to the Shoals.
 15830 | Lair:4   | Found a hole to the Spider Nest.
 15944 | Lair:4   | Noticed a seven-headed hydra
 15953 | Lair:4   | Killed a seven-headed hydra
 15954 | Lair:4   | Reached skill level 14 in Axes
 15954 | Lair:4   | Reached XP level 13. HP: 99/116 MP: 12/12
 16530 | Lair:4   | Reached skill level 10 in Crossbows
 16698 | Lair:5   | Found a staircase to the Slime Pits.
 16700 | Lair:5   | Found a viscous altar of Jiyva.
 17861 | Lair:6   | Entered Level 6 of the Lair of Beasts
 17982 | Lair:6   | Found a dark tunnel.
 17996 | Volcano  | Entered a volcano
 18796 | Lair:6   | Found a basalt altar of Yredelemnul.
 18972 | Lair:6   | Reached XP level 14. HP: 126/127 MP: 13/13
 19285 | Lair:6   | Reached ***** piety under Trog
 19328 | Lair:6   | Reached skill level 15 in Axes
 19420 | Lair:6   | Found a burning altar of Makhleb.
 19426 | Lair:6   | Found a gateway to Hell.
 19588 | Lair:6   | Reached skill level 10 in Armour
 20783 | D:11     | Found a staircase to the Orcish Mines.
 21105 | D:11     | Found Zugimm's Antique Weapon Boutique.
 22037 | D:12     | Identified the +1 plate armour of the Salamander {Fly}
 22421 | Orc:1    | Entered Level 1 of the Orcish Mines
 22787 | Orc:2    | Entered Level 2 of the Orcish Mines
 22850 | Orc:2    | Found a staircase to the Elven Halls.
 23130 | Orc:1    | Noticed Sonja
 23131 | Orc:1    | Noticed Urug
 23156 | Orc:1    | Killed Urug
 23161 | Orc:1    | Killed Sonja
 23475 | Orc:1    | Noticed Erica
 23479 | Orc:1    | Noticed Erolcha
 23482 | Orc:1    | Killed Erica
 23489 | Orc:1    | Killed Erolcha
 23709 | Orc:2    | Found a transporter.
 23820 | Orc:2    | Noticed an orc warlord
 23825 | Orc:2    | Noticed a green very ugly thing
 23969 | Orc:2    | Found a transporter.
 24077 | Orc:2    | Noticed Zonian's ghost (journeyman SpAK)
 24127 | Orc:2    | Found Tarekuup's Armour Shop.
 24363 | Orc:2    | Upgraded the game from 0.29-a0-617-g7a6b98fccd to
                  | 0.29-a0-620-g13ace881f2
 24460 | Orc:2    | Reached XP level 15. HP: 122/136 MP: 14/14
 24546 | Orc:2    | Found Ritaf's Armour Shop.
 24548 | Orc:2    | Found Colun's Antique Weapon Emporium.
 24548 | Orc:2    | Found Hestiqo's General Store.
 24559 | Orc:2    | Bought 4 curare-tipped darts for 40 gold pieces
 24559 | Orc:2    | Bought a potion of curing for 51 gold pieces
 24559 | Orc:2    | Bought a scroll of identify for 34 gold pieces
 24559 | Orc:2    | Bought a scroll of enchant armour for 127 gold pieces
 24559 | Orc:2    | Bought a scroll of identify for 34 gold pieces
 24591 | Orc:2    | Bought a scarf of repulsion for 156 gold pieces
 24666 | Orc:2    | Received a gift from Trog
 27367 | D:14     | Reached skill level 16 in Axes
 27728 | D:14     | Found a gate to the Vaults.
 28131 | D:15     | Entered Level 15 of the Dungeon
 28518 | D:15     | Paralysed by an orc sorcerer for 2 turns
 28696 | D:15     | Found a staircase to the Depths.
 28805 | D:15     | Reached skill level 10 in Evocations
 28953 | D:15     | Found a blossoming altar of Fedhas.
 29857 | Shoals:1 | Entered Level 1 of the Shoals
 29870 | Shoals:1 | HP: 6/138 [satyr/sling bullet (1)]
 29872 | Shoals:1 | HP: 2/138 [centaur warrior/arrow (14)]
 30521 | Elf:1    | Entered Level 1 of the Elven Halls
 31037 | Elf:1    | Reached skill level 5 in Throwing
 31153 | Elf:1    | Reached skill level 15 in Crossbows
 31158 | Elf:1    | Noticed a Hell Sentinel
 31212 | Elf:1    | Received a gift from Trog
 31646 | Elf:1    | Noticed a deep elf blademaster
 31646 | Elf:1    | Noticed a deep elf blademaster
 31646 | Elf:1    | Noticed Asterion
 31646 | Elf:1    | Noticed a deep elf blademaster
 31657 | Elf:1    | Killed a deep elf blademaster
 31665 | Elf:1    | Killed a deep elf blademaster
 31685 | Elf:1    | Killed a deep elf blademaster
 31686 | Elf:1    | Reached XP level 16. HP: 138/147 MP: 15/15
 31700 | Elf:1    | Killed Asterion
 32052 | Elf:1    | Found the +12 pair of quick blades "Gyre" and "Gimble"
                  | {protect}
 34219 | Elf:2    | Found a portal to a secret trove of treasure.
 34436 | Elf:2    | Found Secyivo's Antique Weapon Boutique.
 34450 | Elf:2    | Bought a glowing arbalest for 277 gold pieces
 34544 | Elf:2    | Reached skill level 15 in Fighting
 34568 | Elf:2    | Found a runed translucent gate.
 34568 | Elf:2    | Found a runed translucent gate.
 34568 | Elf:2    | Found a runed translucent gate.
 35111 | Elf:3    | Entered Level 3 of the Elven Halls
 35131 | Elf:3    | Reached skill level 17 in Axes
 35735 | Elf:3    | HP: 4/149 [deep elf archer/arrow (12)]
 36173 | Elf:3    | Found a shimmering blue altar of Sif Muna.
 36185 | Elf:3    | Noticed Bai Suzhen
 36191 | Elf:3    | Paralysed by an air elemental for 1 turns
 36323 | Elf:3    | Paralysed by an air elemental for 1 turns
 36340 | Elf:3    | Killed Bai Suzhen
 36566 | Elf:3    | Paralysed by an air elemental for 1 turns
 36579 | Elf:3    | Paralysed by an air elemental for 1 turns
 36788 | Elf:3    | Noticed Louise
 36795 | Elf:3    | Reached skill level 1 in Stealth
 36815 | Elf:3    | Killed Louise
 37718 | Elf:3    | Reached skill level 1 in Maces & Flails
 37874 | Elf:3    | Found Seugaa's Self-Improvement Boutique.
 38222 | D:10     | Reached XP level 17. HP: 136/156 MP: 16/16
 38233 | D:10     | Killed Zdeegee's ghost
 38390 | Orc:2    | Killed Zonian's ghost
 38392 | Orc:2    | Found a one-way gate to the infinite horrors of the Abyss.
 38728 | Orc:2    | Upgraded the game from 0.29-a0-620-g13ace881f2 to
                  | 0.29-a0-643-ga013cefcf8
 38895 | Spider:1 | Entered Level 1 of the Spider Nest
 39103 | Spider:1 | Paralysed by a jorogumo for 2 turns
 40142 | Depths:1 | Entered Level 1 of the Depths
 40300 | Depths:1 | HP: 3/158 [white very ugly thing (53)]
 40962 | Depths:1 | Reached skill level 5 in Dodging
 41482 | Depths:1 | Reached skill level 5 in Maces & Flails
 41772 | Depths:1 | Found Weted's Book Boutique.
 41779 | Depths:1 | Found Uwunimno's Jewellery Shoppe.
 41780 | Depths:1 | Found Soag's Book Boutique.
 41788 | Depths:1 | Bought a ring of protection from fire for 425 gold pieces
 42078 | Depths:1 | Identified the +6 mace of Lenol {protect, rC+ Dex+4}
 42308 | Depths:1 | Paralysed by an air elemental for 1 turns
 42329 | Depths:1 | Paralysed by an air elemental for 1 turns
 43181 | Depths:1 | You are sucked into a shaft and drop 1 floor!
 43184 | Depths:2 | Noticed a lich
 43576 | Depths:2 | Reached skill level 5 in Stealth
 43597 | Depths:2 | Killed from afar by a spriggan air mage

Illustrated notes

Levels and vault maps discovered:
D:1:      elethiomel_arrival_quiet, layout_loops_corners,
          basic_ecumenical_altar, serial_bayou_lagoon_a
D:2:      layout_loops_ring, minmay_misc_feat_ornament, amethyst_killhole,
          minmay_tall_x
D:3:      layout_basic, serial_shops, nicolae_square_shop,
          nicolae_shop_waterfront, nicolae_shop_overgrown_old_shop, shop
D:4:      layout_cave_pods, mainiacjoe_overflow_alcove_3,
          grunt_ashenzari_visionary [grunt_ashenzari_visionary_shoals,
          grunt_ashenzari_visionary_spider], mainiacjoe_overflow_catwalk_spiral,
          minmay_surrounded, uniq_edmund, uniq_ijyb, uniq_pikel
D:5:      layout_loops_ring, minmay_temple_entry_poolview,
          mrwooster_statue_mirror
D:6:      cheibrodos_fertilizer, layout_basic, tgw_sif, lightli_corner_chamber,
          uniq_blork_the_orc
D:7:      layout_loops_ring, riverfiend_overflow_shadow_ancestor,
          mainiacjoe_overflow_small_starburst
D:8:      layout_rooms, dpeg_oklobed_lair, grunt_ministairs_4
D:9:      nicolae_cairo_tiling_large, layout_loops_corners, serial_aquarium,
          aquarium_bridge_square [aquarium_subvault_bridge,
          aquarium_subvault_wall, aquarium_subvault_window,
          aquarium_subvault_bridge], aquarium_window_2, aquarium_window_1,
          aquarium_view_2f, aquarium_balcony_3a, serial_shops,
          nicolae_square_shop
D:10:     layout_stronghold, gammafunk_ghost_split, minmay_ruined_shrine,
          uniq_snorg
D:11:     layout_gridville, orc_0_dummy, serial_shops,
          nicolae_shop_overgrown_old_shop, due_unseen_surprise
D:12:     layout_big_octagon, chequers_serial_rivers_room_a, nrook_uturn
D:13:     layout_grid_maze
D:14:     layout_roguey, hangedman_vaults_entry_quadrant_bands,
          corexii_corridor_pit, minmay_misc_feat_rows
D:15:     grunt_enter_depths_magical_seal, layout_basic, fedhas_altar_4
Lair:1:   layout_layer_cave, grunt_megastairs_2, lemuel_fruit_tree
Lair:2:   layout_long_grid, beast_lair_carwin_9, lemuel_fruit_fields
Lair:3:   layout_long_grid, serial_bayou_pond_b
Lair:4:   layout_small_grid, shoals_dummy_entry,
          nicolae_spider_entry_orb_guardian, chequers_serial_rivers_large_b,
          grunt_megastairs_3, infiniplex_staircase_pool_2
Lair:5:   layout_loops_ring, slime_altar_1, beast_lair_carwin_7
Lair:6:   evil_forest, layout_cave_pods, basic_altar,
          nicolae_volcano_entry_two_sided
Shoals:1: dreamdust_from_the_deep, layout_shoals, nicolae_island_escapes
Spider:1: layout_spider_delve
Orc:1:    layout_caves, uniq_erolcha, uniq_urug, uniq_sonja, uniq_erica
Orc:2:    st_orc_elflike, layout_caves, gammafunk_ghost_abyssal_escape
Elf:1:    nicolae_elf_arrival_fired_up, layout_geoelf_diagonals,
          minmay_elf_demonology, minmay_misc_feat_alley,
          hellmonk_guarded_unrand_gyre_and_gimble, uniq_asterion
Elf:2:    nicolae_elf_blades_crystal_corner, layout_onion_city, enter_trove_6,
          serial_shops, nicolae_shop_overgrown_old_shop, grunt_ministairs_15
Elf:3:    minmay_elf_hall_not_hex, layout_geoelf_grid, basic_altar,
          nicolae_shop_self_help, grunt_megastairs_1, uniq_louise,
          uniq_bai_suzhen
Depths:1: layout_basic, nicolae_lava_and_water, hell_entry,
          serial_hangedman_research, hangedman_research_quantum,
          hangedman_research_convocations, hangedman_research_geology,
          hangedman_research_electronics, lemuel_flamethrower_3,
          serial_bayou_shore_a, minmay_shop_grove
Depths:2: constructs_gauntlet_mu_hangedman, layout_cave_pools,
          grunt_pan_entry_sceptre, pf_coc_iceberg

Skill      XL: |  1  2  3  4  5  6  7  8  9 10 11 12 13 14 15 16 17 |
---------------+----------------------------------------------------+-----
Axes           | 4 5 6 7 8 9 10 12 13 14 15 16 17 | 17.1
Fighting       | 4 5 6 7 8 9 10 11 12 13 14 15 16 | 16.5
Evocations     | 2 3 4 5 6 7 8 9 10 11 | 11.0
Shields        | 3 4 |  4.8
Throwing       | 2 3 5 7 9 |  9.0
Crossbows      | 2 5 7 9 11 13 15 16 | 16.4
Polearms       | 5 8 10 | 10.9
Armour         | 4 6 7 9 10 12 13 | 13.0
Stealth        | 1 5 |  5.0
Dodging        | 3 6 |  6.6
Maces & Flails | 1 6 |  6.2

Action                   |  1- 3 |  4- 6 |  7- 9 | 10-12 | 13-15 | 16-18 || total
-------------------------+-------+-------+-------+-------+-------+-------++-------
Melee: Dagger            |    64 |       |       |       |       |       ||    64
       Hand axe          |     8 |       |       |       |       |       ||     8
       Headbutt          |     6 |     6 |    32 |    93 |   181 |   164 ||   482
       Punch             |     1 |       |     2 |     6 |    14 |    11 ||    34
       Halberd           |       |    69 |       |       |       |       ||    69
       War axe           |       |    15 |   167 |   143 |   329 |    36 ||   690
       Demon trident     |       |       |       |   203 |   533 |    30 ||   766
       Flail             |       |       |       |    11 |       |       ||    11
       Broad axe         |       |       |       |       |       |   535 ||   535
       Eveningstar       |       |       |       |       |       |    17 ||    17
 Fire: Hunting sling     |     6 |    41 |    41 |       |       |       ||    88
       Arbalest          |       |       |    17 |    71 |   350 |   133 ||   571
Throw: Stone             |    23 |       |     3 |       |       |       ||    26
       Boomerang         |       |       |    18 |    19 |    42 |    49 ||   128
       Dart              |       |       |     6 |       |     7 |     2 ||    15
       Throwing net      |       |       |     2 |       |       |       ||     2
       Javelin           |       |       |       |       |    19 |    15 ||    34
Invok: Trog's Hand       |       |     5 |     8 |    11 |    36 |    27 ||    87
       Berserk           |       |     3 |     5 |     2 |     6 |     9 ||    25
       Brothers in Arms  |       |       |       |       |     1 |     1 ||     2
Evoke: Wand              |       |     4 |     1 |     2 |    32 |    25 ||    64
       Box of beasts     |       |       |       |       |     2 |     1 ||     3
  Use: Scroll            |     5 |     1 |    20 |    12 |    16 |     6 ||    60
       Potion            |       |       |       |       |     3 |    16 ||    19
 Stab: Sleeping          |       |       |     1 |       |       |       ||     1
       Betrayed ally     |       |       |       |       |     1 |       ||     1
       Paralysed         |       |       |       |       |     1 |       ||     1
       Distracted        |       |       |       |       |       |     4 ||     4
Armor: Animal skin       |     6 |       |       |       |       |       ||     6
       Leather armour    |       |    48 |    23 |       |       |       ||    71
       Plate armour      |       |       |    12 |   168 |   354 |   408 ||   942
       Chain mail        |       |       |       |       |     1 |       ||     1
Dodge: Dodged            |    44 |    43 |    36 |   142 |   305 |   246 ||   816
       Repelled          |       |       |       |       |     9 |    22 ||    31
Block: Kite shield       |       |       |    50 |       |       |       ||    50
       Reflection        |       |       |     1 |       |    21 |    19 ||    41
       Other             |       |       |     6 |    65 |   142 |   130 ||   343

Table legend: (Time is in decaauts)
 A = Elapsed time spent in this place.
 B = Non-inter-level travel time spent in this place.
 C = Inter-level travel time spent in this place.
 D = Time resting spent in this place.
 E = Time spent auto-exploring this place.
 F = Levels seen in this place.
 G = Mean time per level.
                   A        B        C        D        E       F      G
               +--------+--------+--------+--------+--------+-----+--------+
         Total |  43389 |  40118 |   3271 |  12034 |  20701 |  31 | 1399.6 |
       Dungeon |  19503 |  17094 |   2409 |   3851 |  10519 |  15 | 1300.2 |
          Lair |  10063 |   9585 |    478 |   2368 |   5810 |   6 | 1677.2 |
        Shoals |     19 |     19 |      0 |      0 |      0 |   1 |   19.0 |
   Spider Nest |     26 |     26 |      0 |      0 |      0 |   1 |   26.0 |
  Orcish Mines |   2811 |   2600 |    211 |    749 |    792 |   2 | 1405.5 |
   Elven Halls |   7502 |   7333 |    169 |   3776 |   2145 |   3 | 2500.7 |
        Depths |   2996 |   2996 |      0 |   1100 |   1319 |   2 | 1498.0 |
       Volcano |    465 |    465 |      0 |    188 |    115 |   1 |  465.0 |
               +--------+--------+--------+--------+--------+-----+--------+

Top non-repeatable levels by time:
  Lair:4: 3258 daAuts
    D:14: 2900 daAuts
   Elf:3: 2830 daAuts
Depths:1: 2596 daAuts
   Elf:1: 2500 daAuts
   Elf:2: 2171 daAuts
   Orc:2: 1992 daAuts
  Lair:6: 1815 daAuts
    D:15: 1794 daAuts
     D:9: 1571 daAuts
  Lair:2: 1475 daAuts
    D:11: 1456 daAuts
     D:4: 1416 daAuts
  Lair:1: 1359 daAuts
     D:3: 1306 daAuts
